Map: Neon Violet Square LE

Players

Elazer

  • Race: Zerg Zerg
  • League: Master
  • Spawn Location: 11:00

ShoWTimE - Winner!

  • Race: Protoss Protoss
  • League: Grandmaster
  • Spawn Location: 5:00

Event: WESG Barcelona European Finals 2017

VOD

Have the link to the VOD?

Description

Time

  • Played on: Nov. 26, 2017, 11:24 a.m.
  • Length: 7:42

All games in this series

Show
View Real Time Build Order
Export as new Build Order

Elazer Zerg 

Build Orders: Hatch First 

Get SALT Encoding   

  12  0:00  Drone  
  13  0:12  Overlord  
  13  0:17  Drone  
  14  0:31  Drone x2  
  14  0:34  Drone  
  17  0:52  Hatchery  
  17  0:55  Drone  
  17  0:58  Drone  
  18  1:09  Extractor  
  17  1:14  Spawning Pool  
  17  1:17  Drone  
  17  1:20  Drone  
  18  1:28  Drone  
  19  1:40  Overlord  
  19  1:50  Drone  
  20  2:01  Drone, Queen  
  20  2:03  Queen  
  20  2:04  Zergling x2  
  26  2:09  Metabolic Boost  
  26  2:12  Drone  
  27  2:16  Drone  
  27  2:22  Drone  
  29  2:26  Drone  
  30  2:39  Hatchery  
  29  2:46  Pneumatized Carapace  
  29  2:48  Drone  
  31  2:51  Drone  
  31  2:52  Zergling x2  
  31  2:57  Overlord  
  32  3:00  Drone  
  32  3:04  Drone  
  34  3:11  Drone  
  34  3:12  Drone  
  36  3:15  Queen  
  36  3:16  Drone  
  36  3:18  Drone  
  40  3:22  Overlord  
  40  3:24  Drone  
  40  3:26  Drone  
  42  3:30  Drone  
  42  3:31  Drone  
  44  3:41  Drone x2  
  44  3:42  Drone x2  
  44  3:46  Overlord  
  44  3:48  Drone x2  
  50  3:51  Drone  
  50  3:52  Spore Crawler  
  50  3:55  Queen  
  50  4:00  Spore Crawler  
  50  4:02  Drone x2  
  53  4:03  Drone  
  54  4:10  Overlord  
  54  4:12  Zergling x8  
  58  4:18  Spore Crawler  
  58  4:20  Lair  
  57  4:27  Drone x4  
  61  4:31  Overlord  
  61  4:36  Queen  
  61  4:38  Drone x2  
  65  4:41  Drone  
  65  4:43  Extractor  
  65  4:44  Extractor  
  64  4:47  Overlord  
  64  4:51  Zergling x4  
  64  4:52  Zergling x2  
  66  4:54  Overlord  
  66  4:57  Roach Warren  
  66  4:58  Extractor  
  64  5:02  Overlord  
  64  5:07  Queen  
  66  5:15  Queen  
  66  5:21  Nydus Network  
  66  5:22  Overseer  
  66  5:26  Queen  
  68  5:29  Overlord  
  68  5:31  Zergling x6  
  71  5:38  Roach x6  
  71  5:40  Roach  
  71  5:42  Roach  
  87  5:45  Roach  
  87  5:46  Roach  
  87  5:49  Roach  
  90  5:59  Nydus Canal  
  90  6:02  Roach x2  
  90  6:03  Roach  
  91  6:09  Roach  
  88  6:18  Overlord  
  88  6:19  Roach  
  88  6:20  Roach  
  88  6:21  Roach  
  90  6:26  Roach  
  90  6:31  Roach x2  
  89  6:33  Roach  
  89  6:44  Roach x2  
  87  6:54  Roach x2  
  83  7:02  Roach x2  
  83  7:03  Roach  
  83  7:07  Roach  
  85  7:16  Roach  
  85  7:19  Roach  
  85  7:22  Roach  
Show
View Real Time Build Order
Export as new Build Order

ShoWTimE Protoss - Winner!

Build Orders: 1 Gate Expand, Oracle Opening, Phoenix Opening, Zealot Archon, Archon Drop 

Get SALT Encoding   

  12  0:00  Probe  
  13  0:13  Probe  
  14  0:22  Pylon  
  14  0:25  Probe  
  15  0:38  Assimilator  
  15  0:40  Probe (Chrono Boost)  
  17  0:50  Gateway, Probe (Chrono Boost)  
  17  0:54  Probe (Chrono Boost)  
  18  1:06  Probe (Chrono Boost)  
  20  1:13  Probe (Chrono Boost)  
  20  1:27  Nexus  
  20  1:37  Cybernetics Core  
  20  1:40  Probe  
  20  1:45  Assimilator  
  21  1:52  Probe  
  22  1:54  Pylon  
  22  2:04  Probe  
  23  2:13  Adept (Chrono Boost)  
  25  2:16  Probe  
  25  2:20  Stargate  
  26  2:26  Warp Gate  
  26  2:28  Probe  
  27  2:32  Adept  
  29  2:39  Probe  
  29  2:40  Probe  
  31  2:51  Probe  
  31  2:52  Probe  
  33  2:59  Adept  
  33  3:03  Probe, Oracle (Chrono Boost)  
  40  3:05  Probe  
  40  3:15  Probe  
  40  3:17  Probe  
  40  3:18  Pylon  
  44  3:28  Probe  
  44  3:29  Phoenix (Chrono Boost)  
  44  3:31  Assimilator, Probe  
  46  3:40  Probe  
  47  3:43  Probe  
  47  3:45  Robotics Facility  
  48  3:52  Probe (Chrono Boost)  
  48  3:53  Assimilator  
  50  3:57  Pylon  
  51  4:04  Probe (Chrono Boost)  
  51  4:05  Probe (Chrono Boost)  
  51  4:06  Probe  
  51  4:07  Twilight Council, Probe  
  53  4:18  Probe (Chrono Boost)  
  53  4:22  Gateway  
  53  4:24  Gateway  
  55  4:27  Gateway  
  55  4:29  Probe (Chrono Boost)  
  55  4:30  Probe (Chrono Boost)  
  56  4:34  Warp Prism (Chrono Boost)  
  58  4:43  Pylon  
  58  4:45  Templar Archives  
  58  5:01  Observer  
  58  5:02  Nexus  
  58  5:05  Probe x2  
  58  5:06  Pylon  
  61  5:10  Forge  
  61  5:17  Probe x2  
  61  5:18  Pylon  
  63  5:22  High Templar  
  63  5:23  High Templar x2  
  63  5:24  Shield Battery  
  63  5:25  High Templar  
  63  5:26  Archon  
  71  5:29  Probe (Chrono Boost)  
  71  5:30  Probe (Chrono Boost), Archon  
  73  5:36  Pylon, Shield Battery  
  73  5:42  Probe (Chrono Boost)  
  76  5:51  Probe x2 (Chrono Boost)  
  76  5:54  Probe  
  76  5:56  Probe  
  78  6:03  Immortal (Chrono Boost)  
  82  6:06  Probe  
  82  6:07  Zealot x3  
  82  6:08  Shield Battery  
  89  6:12  Stalker  
  91  6:26  Shield Battery  
  91  6:27  Stalker  
  91  6:28  Shield Battery  
  91  6:30  Stalker  
  91  6:31  Immortal (Chrono Boost)  
  95  6:33  Stalker  
  95  6:44  Stalker  
  90  6:54  Stalker x2  
  82  6:57  Pylon  
  82  7:00  Stalker  
  86  7:01  Immortal (Chrono Boost)  
  86  7:03  Shield Battery  
  86  7:06  Shield Battery  
  86  7:08  Probe (Chrono Boost)  
  86  7:12  Stalker  
  86  7:15  Pylon  
  86  7:19  Probe (Chrono Boost)  
  86  7:22  Probe  
  86  7:24  Stalker x3  
  86  7:27  Probe x2  
  95  7:33  Pylon  
Tags
 
Add a new tag
Caveats
  • Supply blocks, unpowered buildings, or Contaminate may cause inaccurate times.
  • Supply counts are checked every 10 seconds.